cohdb
Replays
Latest Replays
All Replays
Popular Replays
Top Player Replays
Match Explorer
How It Works
Community
CoH3 Stats
Reddit
Sign in to upload your games and track your stats! →
Sign in with Steam
Match 41180810
Unlisted
Match 41180810
Overview
Messages
Build Orders
End
Selects Italian Coastal Battlegroup
Selects Coastal Reserves
Construct Infanterie Kompanie
Coastal Reserve
Grenadier Squad
MG 42 Machine Gun Team
Coastal Reserve
Construct Luftwaffe Kompanie
221 Scout Car
Selects Designate Defensive Line
Flak 30 Anti-aircraft Gun Team
Jäger Squad
76561198046408390
Genki
0
0
Comments
sign in to comment!
No comments posted yet!